 Dungeon Crawl Stone Soup version 0.29.0-11-gd7f09526c8 (webtiles) character file.

Game seed: 5365331380155473300

6942 firemarshallily the Unseen (level 11, -5/71 HPs)
             Began as a Kobold Brigand on Sept 6, 2022.
             Was a High Priest of Ignis.
             Killed by divine providence
             ... invoked by an orc priest
              (12 damage)
             ... on level 9 of the Dungeon.
             The game lasted 00:23:37 (9144 turns).

firemarshallily the Unseen (Kobold Brigand)         Turns: 9144, Time: 00:23:38

Health: -5/71      AC: 12    Str:  9    XL:     11   Next: 28%
Magic:  11/11      EV: 20    Int: 12    God:    Ignis [*****.]
Gold:   71         SH:  0    Dex: 27    Spells: 10/10 levels left

rFire   + . .      SeeInvis .   a - +5 dagger
rCold   . . .      Faith    .   (no shield)
rNeg    + . .      Spirit   .   s - +0 robe {rN+}
rPois   .          Reflect  .   k - +0 helmet
rElec   .          Harm     .   c - +0 cloak
rCorr   .          Rampage  .   A - +2 pair of gloves
Will    .....                   h - +0 pair of boots
Stlth   ++++++++..              B - amulet of regeneration
HPRegen 1.01/turn               o - +4 ring of protection
MPRegen 0.12/turn               F - +6 ring of dexterity

@: no status effects
A: small, no large weapons, nightstalker 3
a: Renounce Religion, Fiery Armour, Foxfire Swarm, Rising Flame


You were on level 9 of the Dungeon.
You worshipped Ignis.
Ignis was extremely pleased with you.
You visited 1 branch of the dungeon, and saw 9 of its levels.

You collected 462 gold pieces.
You spent 391 gold pieces at shops.

Inventory:

Hand Weapons
 a - a +5 dagger (weapon)
 D - the +2 short sword of the Mosquito {speed, Int+3}
   (You found it on level 8 of the Dungeon)

   Attacks with this weapon are significantly faster.
   Int:       It affects your intelligence (+3).
Missiles
 d - 60 poisoned darts (quivered)
 e - 3 curare-tipped darts
 C - a throwing net
Armour
 c - a +0 cloak (worn)
 h - a +0 pair of boots (worn)
 k - a +0 helmet (worn)
 s - a +0 robe of positive energy (worn)
 A - a +2 pair of gloves (worn)
Jewellery
 j - a ring of willpower
 o - a +4 ring of protection (left hand)
 B - an amulet of regeneration (around neck)
 F - a +6 ring of dexterity (right hand)
Wands
 y - a wand of flame (41)
Scrolls
 g - 3 scrolls of teleportation
 n - 4 scrolls of fog
 u - a scroll of silence
 E - a scroll of magic mapping
Potions
 b - 3 potions of ambrosia
 f - 2 potions of flight
 i - 4 potions of lignification
 l - a potion of magic {unknown}
 m - 3 potions of curing
 p - 3 potions of might
 q - 3 potions of attraction
 r - a potion of invisibility {unknown}
 v - a potion of cancellation {unknown}
 w - 2 potions of brilliance
 x - a potion of mutation {unknown}
 z - 2 potions of haste


   Skills:
 + Level 9.0 Fighting
 + Level 10.6 Short Blades
 - Level 2.1 Throwing
 * Level 6.0 Dodging
 * Level 16.4 Stealth


You had 10 spell levels left.
You didn't know any spells.
Your spell library contained the following spells:

 Spells                   Type           Power      Damage    Failure   Level
 Apportation              Tloc           0%         N/A       32%         1
 Shock                    Conj/Air       0%         1d3       32%         1
 Call Canine Familiar     Summ           0%         N/A       69%         3
 Dazzling Flash           Conj/Hex       0%         N/A       69%         3
 Portal Projectile        Hex/Tloc       0%         N/A       69%         3
 Swiftness                Air            0%         N/A       69%         3
 Airstrike                Air            0%         2d(0-16)  97%         4
 Leda's Liquefaction      Hex/Erth       0%         N/A       97%         4
 Agony                    Necr           0%         N/A       100%        5
 Alistair's Intoxication  Tmut/Pois      0%         N/A       100%        5
 Silence                  Hex/Air        0%         N/A       100%        5
 Chain Lightning          Conj/Air       0%         N/A       100%        9
 Fire Storm               Conj/Fire      0%         5d1       100%        9
 Shatter                  Erth           0%         3d5*      100%        9


Dungeon Overview and Level Annotations

Branches:
Dungeon (9/15)             Temple (0/1) D:4            Lair (0/5) D:8
    Orc: D:9-12

Altars:
Hepliaklqana
Kikubaaqudgha
Makhleb
Nemelex Xobeh
The Shining One
Ignis

Shops:
D:1 !=!*   D:6 *?

Annotations:
D:5 1 transporter, VictoriousLee's ghost, novice FoFE


Innate Abilities, Weirdness & Mutations

You are small and have problems with some larger weapons.
You are completely attuned to the shadows.


Message History

The boulder beetle bites you!!
You hit the boulder beetle but do no damage.
The boulder beetle is moderately wounded.
You hit the boulder beetle but do no damage.
The boulder beetle is moderately wounded.
The boulder beetle completely misses you.
You hit the boulder beetle but do no damage.
The boulder beetle is moderately wounded.
An orc priest comes into view. It is wielding a +0 dagger.
You hit the boulder beetle but do no damage.
The boulder beetle is moderately wounded.
The boulder beetle barely misses you.
You hit the boulder beetle but do no damage.
The boulder beetle is moderately wounded.
You puncture the boulder beetle!
The boulder beetle is moderately wounded.
The boulder beetle bites you!
You hit the boulder beetle but do no damage.
The boulder beetle is moderately wounded.
You hit the boulder beetle but do no damage.
The boulder beetle is moderately wounded.
The boulder beetle barely misses you.
You hit the boulder beetle.
The boulder beetle is moderately wounded.
You hit the boulder beetle but do no damage.
The boulder beetle is moderately wounded.
The boulder beetle closely misses you.
You hit the boulder beetle.
The boulder beetle is moderately wounded.
The orc priest invokes the aid of Beogh against you.
You struggle to resist.
You hit the boulder beetle but do no damage.
The boulder beetle is moderately wounded.
The boulder beetle bites you!!
* * * LOW HITPOINT WARNING * * *
You hit the boulder beetle but do no damage.
The boulder beetle is moderately wounded.
The orc priest calls down the wrath of Beogh upon you.
Beogh smites you!
You die...

#.#..# # ##.##.# #
#..##.#####
.......#####.###......
....................##
....................##
...................)..
...oB#..............##
####.@.............##
####............#..###
......##..#...........
##.....##.#.##.##.#.##
#.....##.#.##.##.#..#
##..........>...#.#..#
..........##.#........
.......##.##...##.#...
##..........##.##..#.#


You could see a boulder beetle and an orc priest.

Vanquished Creatures
  A two-headed ogre (D:9)
  A tengu conjurer (D:8)
  A hornet (D:8)
  Eustachio (D:4)
  A wyvern (D:8)
  6 yaks (D:8)
  A basilisk (D:8)
  4 water moccasins
  2 orc warriors
  3 sky beasts (D:7)
  An ice beast (D:6)
  A black bear (D:7)
  An ogre (D:6)
  5 centaurs
  2 phantoms
  5 kobold brigands
  5 bullfrogs
  A necrophage (D:4)
  4 scorpions
  8 wights
  8 killer bees
  2 howler monkeys
  5 electric eels (D:7)
  2 jellies (D:6)
  3 hounds
  3 orc priests
  2 gnoll boudas (D:5)
  Jessica (D:2)
  Natasha (thrice) (D:2)
  4 iguanas
  4 orc wizards
  14 gnolls
  6 adders
  4 white imps
  3 ufetubi
  A worm (D:2)
  A dart slug (D:1)
  14 orcs
  4 endoplasms
  6 giant cockroaches
  4 goblins
  4 hobgoblins
  12 jackals
  3 quokkas
  5 ball pythons
  4 bats
  3 frilled lizards
  25 kobolds
204 creatures vanquished.

Vanquished Creatures (others)
  3 fungi (D:8)
  31 plants
34 creatures vanquished.

Grand Total: 238 creatures vanquished

Notes
Turn   | Place    | Note
-------+----------+-------------------------------------------
     0 | D:1      | firemarshallily the Kobold Brigand began the quest for the
                  | Orb.
     0 | D:1      | Reached XP level 1. HP: 12/12 MP: 1/1
   101 | D:1      | Found Xutoecog's Assorted Antiques.
   207 | D:1      | Bought a scroll labelled AQAPAN YBADOAS for 21 gold pieces
   226 | D:1      | Reached XP level 2. HP: 17/18 MP: 2/2
   251 | D:1      | Found Sisaot's Distillery.
   287 | D:1      | Found Zomijedgh's Distillery.
   449 | D:1      | Found Duileps's Jewellery Shoppe.
   569 | D:1      | Reached XP level 3. HP: 22/22 MP: 3/3
   717 | D:2      | Noticed Natasha
   725 | D:2      | Killed Natasha
   726 | D:2      | Reached skill level 6 in Stealth
   986 | D:2      | Reached XP level 4. HP: 27/27 MP: 4/4
  1033 | D:2      | Noticed Natasha
  1034 | D:2      | Killed Natasha
  1199 | D:2      | Reached XP level 5. HP: 31/32 MP: 5/5
  1235 | D:2      | Noticed Jessica
  1239 | D:2      | Killed Jessica
  1435 | D:1      | Bought a potion of curing for 42 gold pieces
  1603 | D:2      | Noticed Natasha
  1617 | D:2      | Killed Natasha
  1618 | D:2      | Reached skill level 5 in Short Blades
  1618 | D:2      | Reached skill level 7 in Stealth
  1786 | D:3      | Found a faded altar of an unknown god.
  1794 | D:3      | Prayed at the altar of an unknown god.
  1794 | D:3      | Became a worshipper of Ignis, the Dying Flame
  1840 | D:3      | Reached XP level 6. HP: 15/37 MP: 2/6
  2232 | D:3      | Found a sparkling altar of Nemelex Xobeh.
  2564 | D:1      | Bought a potion of heal wounds for 70 gold pieces
  2647 | D:4      | Noticed Eustachio
  2651 | D:4      | Killed Eustachio
  2652 | D:4      | Reached skill level 8 in Stealth
  2652 | D:4      | Reached XP level 7. HP: 43/43 MP: 7/7
  2960 | D:4      | Found a staircase to the Ecumenical Temple.
  2983 | D:4      | Reached skill level 9 in Stealth
  3120 | D:4      | Reached XP level 8. HP: 46/48 MP: 6/8
  3775 | D:5      | Entered Level 5 of the Dungeon
  4147 | D:5      | Reached skill level 5 in Fighting
  4147 | D:5      | Reached skill level 10 in Stealth
  4538 | D:5      | Found a transporter.
  4542 | D:5      | Noticed VictoriousLee's ghost (novice FoFE)
  4729 | D:1      | Bought a potion of haste for 140 gold pieces
  4851 | D:6      | Found Foteevvoogh's Magic Scroll Shoppe.
  5059 | D:6      | Reached XP level 9. HP: 51/54 MP: 9/9
  5159 | D:6      | Found a hazy altar of Hepliaklqana.
  5397 | D:6      | Reached skill level 11 in Stealth
  5473 | D:6      | Found Teas's Assorted Antiques.
  5529 | D:6      | Found the +10 dark maul {vorpal}
  5552 | D:6      | Found a glowing golden altar of the Shining One.
  5700 | D:6      | Bought a scroll of identify for 20 gold pieces
  5835 | D:7      | Reached skill level 10 in Short Blades
  5840 | D:7      | Reached skill level 12 in Stealth
  6067 | D:7      | Reached skill level 13 in Stealth
  6318 | D:7      | Reached XP level 10. HP: 63/63 MP: 10/10
  6433 | D:7      | Found a burning altar of Makhleb.
  6435 | D:7      | Noticed a blizzard demon
  6436 | D:7      | Noticed an orange demon
  6436 | D:7      | Noticed a smoke demon
  6752 | D:7      | Reached skill level 14 in Stealth
  7099 | D:1      | Bought a potion of might for 56 gold pieces
  7106 | D:1      | Bought a potion of curing for 42 gold pieces
  7416 | D:8      | Reached skill level 15 in Stealth
  7554 | D:8      | Identified the +2 short sword of the Mosquito {speed,
                  | Int+3}
  7556 | D:8      | Found a staircase to the Lair.
  8130 | D:8      | Found an ancient bone altar of Kikubaaqudgha.
  8376 | D:8      | Reached XP level 11. HP: 61/69 MP: 11/11
  8727 | D:9      | Reached skill level 16 in Stealth
  8732 | D:9      | Noticed a two-headed ogre
  8744 | D:9      | Killed a two-headed ogre
  8745 | D:9      | Reached skill level 5 in Dodging
  9076 | D:9      | Noticed a boulder beetle
  9144 | D:9      | Killed from afar by an orc priest

Illustrated notes

Levels and vault maps discovered:
D:1:      saegor_arrival_simple_a, layout_rooms, serial_shops,
          nicolae_shop_advertising_works [nicolae_subvault_shop_adworks], shop,
          nicolae_shop_hallway_plus, shop
D:2:      layout_rooms, kennysheep_generic_room_7, uniq_natasha, uniq_jessica
D:3:      layout_basic, mainiacjoe_overflow_alcove_2,
          hellmonk_ecumenical_altar_lost_god, item_on_display_a
D:4:      layout_basic, minmay_temple_entry_grid, uniq_eustachio
D:5:      layout_loops_ring, gammafunk_ghost_smash
D:6:      layout_gridville, tso_altar, nicolae_hepliaklqana_hazy_memory,
          serial_shops, shop, nicolae_shop_crystal
D:7:      layout_loops_cross, makhleb_altar_promises_db, serial_bayou,
          serial_bayou_pond_a, serial_bayou_lake_a, serial_bayou_ford_a,
          serial_bayou_crossing, grunt_ministairs_15
D:8:      layout_loops_corners, kennysheep_mini, minmay_lair_entry_grove
D:9:      layout_rooms

Skill      XL: |  1  2  3  4  5  6  7  8  9 10 11 |
---------------+----------------------------------+-----
Short Blades   | 3 4 5 6 7 9 10 | 10.6
Stealth        | 6 7 8 9 10 13 15 16 | 16.4
Fighting       | 3 4 5 7 8 9 |  9.0
Dodging        | 4 6 |  6.0
Throwing       | |  2.1

Action                   |  1- 3 |  4- 6 |  7- 9 | 10-12 || total
-------------------------+-------+-------+-------+-------++-------
Melee: Dagger            |    53 |    73 |   355 |   561 ||  1042
       Punch             |       |     1 |     5 |    10 ||    16
Invok: Fiery Armour      |       |     1 |       |       ||     1
  Use: Scroll            |       |    11 |     6 |     5 ||    22
       Potion            |       |       |       |     3 ||     3
 Stab: Sleeping          |    12 |    11 |    35 |    15 ||    73
       Distracted        |     1 |     1 |       |       ||     2
Armor: Robe              |     8 |    33 |    96 |    95 ||   232
Dodge: Dodged            |    27 |    49 |   171 |   300 ||   547
